AoeStats
← ygtykp

QS Arena

503189593Analyzed
1v1 RM · 1mo ago on Aug 30, 2026· 33m 56s· 2 players
Game mode
Random Map
Map size
Tiny (2 player)
Population
200
Speed
Normal
Resources
Standard
Victory
Conquest
Starting age
Dark Age
Ending age
Imperial Age
RankedLock teamsTeams togetherTeam positionsShared explorationLock speedFull tech treeHidden civsTurbo modeCheats
Victory
Defeat
🇹🇷 Bohemians · Türkiye
946
+16
🇪🇪 Khmer · Estonia
955
-16
ygtykp
8:33 Feudal Age
12:12 Castle Age
11:25 Loom
11:32 Double-Bit Axe
16:11 Bow Saw
18:18 Fletching
18:28 Padded Archer Armor
21:33 Bodkin Arrow
22:57 Ballistics
23:37 Chemistry
24:35 Wheelbarrow
27:58 Imperial Age
26:36 Leather Archer Armor
26:04 Horse Collar
32:03 Heavy Plow
maxokol
8:50 Feudal Age
12:14 Castle Age
10:26 Double-Bit Axe
11:11 Horse Collar
12:18 Loom
14:45 Town Watch
21:56 Fortified Wall
23:21 Redemption
26:08 Bow Saw
26:18 Scale Barding Armor
26:08 Fletching
26:23 Gold Mining
30:23 Imperial Age
28:43 Heavy Plow
29:25 Stone Mining
30:02 Masonry
30:40 Scale Barding Armor
30:31 Bodkin Arrow
31:38 Conscription
32:25 Bloodlines
31:45 Light Cavalry
33:01 Onager
33:54 Bracer
Connection lost

Rejoining the realm…

Still unreachable

The connection could not be restored.

Session expired

The server has moved on; the page needs a fresh start.